 Dungeon Crawl Stone Soup version 0.14.1-24-gbdbe590 (webtiles) character file.

735510 ant87 the Conqueror (level 27, -2/253 (286) HPs)
             Began as a Minotaur Fighter on June 19, 2014.
             Was a Follower of the Shining One.
             Killed by divine providence
             ... invoked by a mummy priest
              (13 damage)
             ... on Level 2 of the Crypt.
             The game lasted 06:54:12 (90733 turns).

ant87 the Conqueror (Minotaur Fighter)             Turns: 90733, Time: 06:54:13

HP  -2/253 (286) AC 42     Str 37 (41) XL: 27
MP  16/16        EV 29     Int  3 (8)  God: the Shining One [*.....]
Gold 7666        SH  0     Dex 20 (26) Spells:  5 memorised, 16 levels left

rFire  + + .     SeeInvis +     r - +7,-1 battleaxe (vamp)
rCold  + + .     Rnd*Rage +     R - +9 armour of the Dragon King {rPois rF+ rC+ MR+}
rNeg   + . .     Conserve .     (no shield)
rPois  +         rCorr    .     y - +2 hat of Loss {rElec rC+ rN+}
rElec  +         rRot     .     v - +1 cloak "Cioff" {Str+2 Dex+4}
SustAb . .       Spirit   .     z - +2 pair of gloves {Dex+3}
rMut   .         Warding  .     u - +1 pair of boots
Gourm  +         Rnd*Tele +     w - amulet of the Kraken {Gourm Str+4 Int+3}
MR     +++..                    S - +5 ring of strength
                                B - ring of Sif Muna's Supremacy {rF+ Str+1 Dex+6 Int+1}

@: berserking (expiring), lethally poisoned, slowed, glowing, extremely
resistant to hostile enchantments, extremely unstealthy
A: retaliatory headbutt, horns 2, see invisible, berserk 2, deformed body,
deterioration 3, dopey 2, herbivore 1, fast metabolism 2, frail 3, low mp 3,
slow healing 2, spit poison 1, teleportitis 1, weak 2
a: Spit Poison, Renounce Religion
}: 4/15 runes: decaying, slimy, silver, gossamer


You were on level 2 of the Crypt.
You worshipped the Shining One.
The Shining One was aware of your devotion.
You were not hungry.

You visited 12 branches of the dungeon, and saw 64 of its levels.
You visited the Abyss 2 times.
You visited 1 bazaar.
You also visited: Labyrinth.

You collected 10977 gold pieces.
You spent 3311 gold pieces at shops.

Inventory:

Hand weapons
 r - a +7,-1 vampiric battleaxe (weapon)
Armour
 u - a +1 pair of boots (worn)
 v - the +1 cloak "Cioff" (worn) {Str+2 Dex+4}
   (Okawaru gifted it to you on level 5 of the Spider Nest)

   It affects your strength (+2).
   It affects your dexterity (+4).
 y - the +2 hat of Loss (worn) {rElec rC+ rN+}
   (Okawaru gifted it to you on level 2 of the Vaults)

   It protects you from cold.
   It insulates you from electricity.
   It protects you from negative energy.
 z - a +2 pair of gloves of dexterity (worn)
 R - the +9 armour of the Dragon King (worn) {rPois rF+ rC+ MR+}
   (You found it on level 5 of the Vaults)

   It protects you from fire.
   It protects you from cold.
   It protects you from poison.
   It affects your resistance to hostile enchantments.
 T - a +2 cloak of preservation
Magical devices
 b - a wand of heal wounds (7)
 h - a wand of hasting (2)
 p - a wand of teleportation (3)
 N - a wand of disintegration (15)
 O - a wand of teleportation (6)
 P - a wand of digging (13)
 X - a wand of digging (7)
Comestibles
 d - 7 bread rations
 q - 3 meat rations
Scrolls
 e - 3 scrolls of remove curse
 m - 4 scrolls of teleportation
 F - a scroll of fear
 V - 3 scrolls of identify
 W - 5 scrolls of fog
Jewellery
 f - an uncursed ring of regeneration
 j - a +3 ring of evasion
 k - an uncursed amulet of stasis
 t - the ring "Jarghilla" {Fire Int+2 Acc+5}
   (You took it off a deep elf demonologist on level 3 of the Elven Halls)

   [ring of fire]

   It affects your intelligence (+2).
   It affects your accuracy with ranged weapons and melee attacks (+5).
 w - the amulet of the Kraken (around neck) {Gourm Str+4 Int+3}
   (You found it on level 6 of the Dungeon)

   [amulet of the gourmand]

   It affects your strength (+4).
   It affects your intelligence (+3).
 x - an uncursed amulet of resist corrosion
 B - the ring of Sif Muna's Supremacy (left hand) {rF+ Str+1 Dex+6 Int+1}
   (You bought it in a shop on level 4 of the Orcish Mines)

   [ring of dexterity]

   It affects your dexterity (+6).
   It affects your strength (+1).
   It affects your intelligence (+1).
   It protects you from fire.
 E - the ring "Ygonout" {SustAb Str+2}
   (You found it on level 6 of the Pits of Slime)

   [ring of sustain abilities]

   It affects your strength (+2).
 G - an uncursed ring of protection from fire
 H - a +3 ring of intelligence
 I - an uncursed ring of poison resistance
 J - an uncursed amulet of clarity
 L - an uncursed ring of flight
 M - an uncursed amulet of resist mutation
 Q - the amulet "Khurrum" {rCorr Str+5}
   (You found it on level 6 of the Pits of Slime)

   [amulet of resist corrosion]

   It affects your strength (+5).
 S - a +5 ring of strength (right hand)
 U - the ring "Pryankal" {rN+ Int-2}
   (You took it off a deep elf demonologist on level 3 of the Elven Halls)

   [ring of positive energy]

   It affects your intelligence (-2).
 Z - an uncursed amulet of guardian spirit
Potions
 a - a potion of restore abilities
 g - 2 potions of porridge
 l - 3 potions of resistance
 n - 15 potions of curing
 o - 4 potions of heal wounds
 s - 3 potions of magic
 A - 4 potions of brilliance
 C - 2 potions of haste
 D - a potion of berserk rage
 K - 3 potions of might
 Y - a potion of flight


   Skills:
 O Level 27 Fighting
   Level 3.5 Long Blades
 O Level 27 Axes
 O Level 27 Armour
 O Level 27 Dodging
 - Level 1.0 Stealth
 - Level 3.7 Shields
 - Level 1.1 Spellcasting
 - Level 6.1 Charms
 + Level 12.7 Translocations
 - Level 1.2 Air Magic
 - Level 4.6 Invocations
 - Level 1.4 Evocations


You had 16 spell levels left.
You knew the following spells:

 Your Spells              Type           Power        Failure   Level  Hunger
a - Haste                 Chrm           #.......     100%        6    #######
b - Blink                 Tloc           N/A          1%          2    ###....
c - Repel Missiles        Chrm/Air       #.....       86%         2    ###....
d - Apportation           Tloc           #.........   1%          1    ##.....
e - Summon Butterflies    Summ           #.......     99%         1    ##.....


Dungeon Overview and Level Annotations

Branches:
Dungeon (15/15)            Temple (1/1) D:7             Orc (4/4) D:11
    Elf (3/3) Orc:3          Lair (8/8) D:10          Swamp (5/5) Lair:5
 Spider (5/5) Lair:3        Slime (6/6) Lair:6       Vaults (5/5) D:13
  Blade (0/1) Vaults:3      Crypt (2/5) Vaults:2        Zot (5/5) Depths:5
 Depths (5/5) D:15
   Tomb: Crypt:2-3

Altars:
Ashenzari
Cheibriados
Dithmenos
Elyvilon
Fedhas
Kikubaaqudgha
Nemelex Xobeh
Okawaru
Sif Muna
Trog
Vehumet
Xom
Yredelemnul
Zin
The Shining One
Beogh

Shops:
Orc:4 [**=   Vaults:1 ?   Vaults:3 =%   Vaults:4 :

Portals:
Hell: Depths:1 Depths:2 Depths:3 Depths:4
Abyss: Depths:1 Depths:4 Depths:5
Pandemonium: Depths:2 Depths:3
Ziggurat: Depths:2
Trove: D:10 (give 5 scrolls of blinking)

Annotations:
D:13 exclusion: oklob plant
Zot:5 1 exclusion
Depths:2 exclusion: orange crystal statue


Innate Abilities, Weirdness & Mutations

You reflexively headbutt those who attack you in melee.
You have a pair of horns on your head.
You have supernaturally acute eyesight.
You often lose your temper in combat.
Armour fits poorly on your strangely shaped body.
Your body is rapidly deteriorating.
You are very dopey. (Int -4)
You digest meat inefficiently.
You have a very fast metabolism.
You are extremely frail (-30% HP).
Your magical capacity is extremely low (-30% MP).
You do not heal naturally when monsters are visible.
You can spit poison.
Space occasionally distorts in your vicinity.
You are very weak. (Str -4)


Message History

You headbutt the flayed ghost!
A mummy priest comes into view.
A snapping turtle zombie comes into view.
You are engulfed in dark miasma.
You feel as though you will be slow longer.
* * * LOW HITPOINT WARNING * * *
You feel sick.
The mummy priest calls on the powers of darkness!
Your body is wracked with pain!
* * * LOW HITPOINT WARNING * * *
The flayed ghost hits you.
* * * LOW HITPOINT WARNING * * *
You are too berserk!
You feel a strong urge to attack something.
You are engulfed in dark miasma.
* * * LOW HITPOINT WARNING * * *
x2 You feel sick.
The mummy priest invokes the aid of its god against you.
Something smites you!
You die...

......#....%(######...
.......#####..# #.##
.......# #..# #.#
........# #(.# ####.#
......§§#####..# #.^..#
.....§.§§§.....# #..#.#
......§§p.§.....# #..#.##
......§§§####...###..#.##
.......§@# #............
........z# #............
........# #...###..####
..Mz....# #..## #..#
........# #..# #..#
.......# #.)# #..#
####### #..####..###
#..........#
#..........##


You could see a mummy priest, a flayed ghost, a curse skull and a snapping
turtle zombie.

Vanquished Creatures
  the royal jelly (Slime:6)
  9 orbs of fire
  10 ancient liches
  Saint Roka (Orc:4)
  A curse toe (Zot:4)
  the Lernaean hydra (Swamp:5)
  Norris (Depths:1)
  4 Killer Klowns
  Mennas (Depths:4)
  12 golden dragons
  5 electric golems
  11 bone dragons
  The ghost of Vasek the Ninja, a great KoAs of Trog (Vaults:5)
  2 hellephants (Abyss:1)
  5 tentacled monstrosities
  Asterion (Spider:2)
  An Ice Fiend (Elf:3)
  3 deep elf blademasters
  25 Orb Guardians (Zot:5)
  6 liches
  6 titans (Vaults:5)
  29 acid blobs
  2 deep elf master archers (Elf:3)
  3 Executioners
  19 storm dragons
  14 tentacled starspawn (Abyss:1)
  6 sphinxes
  3 ancient champions (Crypt:1)
  Rupert (Spider:5)
  Agnes (Spider:4)
  8 shadow dragons
  A daeva (Abyss:1)
  3 draconian monks
  5 tengu reavers
  12 frost giants
  A revenant (Abyss:1)
  13 azure jellies
  2 ghouls
  7 fire giants
  Donald (Vaults:1)
  6 draconian scorchers
  Wiglaf (Vaults:2)
  2 iron dragons
  8 ghost moths
  6 draconian knights
  3 balrugs
  Aizul (Depths:1)
  A cacodemon (Abyss:1)
  Louise (Swamp:2)
  6 emperor scorpions
  17 vault wardens
  3 draconian zealots
  5 deep elf sorcerers
  2 spriggan defenders (Depths:1)
  A spectral weapon (Spider:2)
  Jorgrun (Swamp:4)
  2 war gargoyles
  11 deep elf demonologists
  8 draconian annihilators
  3 draconian shifters
  6 draconian callers
  6 green draconians
  9 grey draconians
  19 stone giants
  15 red draconians
  3 lorocyprocas
  Azrael (Elf:2)
  2 curse skulls (Crypt:1)
  7 deep elf annihilators
  4 mottled draconians
  3 pale draconians
  4 dire elephants
  5 yellow draconians
  5 white draconians
  11 black draconians
  6 purple draconians
  3 vampire knights
  2 green deaths
  Snorg (D:15)
  4 crystal guardians (Depths:2)
  22 fire dragons
  5 death oozes (Slime:6)
  8 deep elf death magi
  13 ettins
  A siren (Depths:1)
  3 minotaurs
  Josephine (D:10)
  2 deep elf high priests (Elf:3)
  8 jiangshi
  38 vault guards
  5 eidola
  13 yaktaur captains
  7 death cobs
  13 hydras
  Fannar (Lair:1)
  18 ironheart preservers
  3 spriggan air magi
  10 great orbs of eyes
  Harold (D:12)
  16 ice dragons
  12 rakshasas
  5 ravenous feature mimics
  5 deep troll earth magi
  2 shambling mangroves
  2 spectral fire giants (Crypt:1)
  7 alligators
  3 deep dwarf death knights
  5 thrashing horrors (Abyss:1)
  4 tengu warriors
  5 vampire magi
  23 ogre magi
  2 hell hogs (Abyss:1)
  11 death yaks
  2 titan zombies (Abyss:1)
  6 plague shamblers
  4 deep troll shamans
  2 spriggan berserkers
  5 orc high priests (Orc:4)
  2 spectral elves (Elf:3)
  A dancing weapon (Vaults:5)
  14 spriggans
  3 sun demons
  Nergalle (D:15)
  3 titan skeletons
  A catoblepas (Lair:7)
  13 centaur warriors
  8 iron trolls
  7 shadow wraiths
  8 very ugly things
  9 wretched stars (Abyss:1)
  2 ice devils
  42 large abominations
  A storm dragon zombie (Crypt:2)
  5 hell knights
  35 skeletal warriors
  17 deep elf knights
  18 deep trolls
  2 death drakes
  15 swamp dragons
  2 spatial maelstroms (Abyss:1)
  An anaconda zombie (Abyss:1)
  2 shadow demons
  20 ironbrand convokers
  A golden dragon zombie (Crypt:1)
  5 hill giants
  9 deep elf summoners
  4 fire crabs
  A harpy (shapeshifter) (Vaults:3)
  10 flayed ghosts
  12 harpies
  3 deathcaps (Zot:4)
  25 orb spiders
  A sphinx zombie (D:15)
  A water nymph (shapeshifter) (Vaults:5)
  11 unseen horrors
  7 giant orange brains
  A hellion (Abyss:1)
  3 manticores
  An anaconda skeleton (Crypt:2)
  44 wolf spiders
  20 orc knights
  7 flaming corpses
  14 phantasmal warriors
  An iron dragon zombie (Crypt:2)
  7 necromancers
  A spectral ice dragon (Crypt:2)
  2 fire giant zombies
  A salamander (Depths:2)
  18 deep elf conjurers
  A frost giant zombie (Abyss:1)
  2 griffons
  6 shining eyes
  27 moths of wrath
  A red wasp (shapeshifter) (Vaults:1)
  A spectral ettin (Crypt:1)
  6 worldbinders (Abyss:1)
  2 guardian serpents
  9 cyclopes
  A mermaid (shapeshifter) (D:14)
  8 orc sorcerers
  A dire elephant zombie (Abyss:1)
  A shock serpent zombie (Crypt:2)
  A fire giant skeleton (Crypt:2)
  3 frost giant skeletons
  11 red wasps
  9 black mambas
  An eye of devastation (Slime:6)
  2 wizards
  A drowned soul (Depths:1)
  A black mamba (shapeshifter) (Depths:2)
  7 sixfirhies
  11 elephants
  A queen ant (Lair:7)
  2 apocalypse crabs (Abyss:1)
  28 vault sentinels
  16 smoke demons
  2 stone giant skeletons
  A gargoyle (D:13)
  A storm dragon simulacrum (Vaults:5)
  A feature mimic (Lair:3)
  7 orange demons (Abyss:1)
  An anaconda simulacrum (Crypt:2)
  3 kobold demonologists
  39 small abominations
  21 spiny frogs
  A dire elephant skeleton (Abyss:1)
  2 yaktaurs (shapeshifter)
  6 hellwings
  2 tormentors (Abyss:1)
  36 yaktaurs
  A boggart (shapeshifter) (Elf:1)
  17 deep elf priests
  3 efreet
  A fire drake (shapeshifter) (D:14)
  24 demonic crawlers
  2 blue devils
  13 giant fireflies
  A wolf spider simulacrum (Crypt:2)
  A baby alligator (shapeshifter) (Vaults:5)
  5 polar bears (Lair:8)
  12 ancient zymes (Abyss:1)
  12 freezing wraiths
  2 komodo dragons (shapeshifter) (Vaults:5)
  2 tengu conjurers
  4 wandering mushrooms
  3 hydra zombies
  2 iron devils
  5 giant leeches
  10 trolls
  A stone giant simulacrum (Depths:1)
  2 wind drakes
  4 baby alligators (Swamp:1)
  33 jumping spiders
  10 ravens
  17 komodo dragons
  9 blink frogs
  2 fire dragon zombies
  A shadow dragon simulacrum (Crypt:1)
  A hydra skeleton (Crypt:1)
  A bog body (Swamp:5)
  6 boggarts
  9 vampires
  36 two-headed ogres
  A siren skeleton (Crypt:2)
  A raiju (shapeshifter) (Vaults:4)
  118 slime creatures
  27 brown oozes
  14 flying skulls
  12 raiju (Abyss:1)
  5 air elementals
  9 boulder beetles
  A moth of wrath zombie (Crypt:2)
  14 ynoxinuls
  8 basilisks
  A formicid (shapeshifter) (Vaults:2)
  A frost giant simulacrum (Crypt:1)
  10 grizzly bears
  A fire dragon skeleton (Crypt:2)
  A black mamba zombie (Crypt:2)
  A tarantella (shapeshifter) (Elf:2)
  6 thorn lotuses
  20 starcursed masses (Abyss:1)
  7 wyverns
  48 redbacks
  12 shadows
  15 trapdoor spiders
  3 water elementals (Depths:2)
  3 fire elementals (Elf:2)
  48 yaks
  A hippogriff (shapeshifter) (Vaults:2)
  28 tarantellas
  Eustachio (Orc:1)
  13 golden eyes
  A hill giant zombie (D:10)
  10 sharks
  7 hippogriffs
  17 wolves
  17 wraiths
  13 chaos spawn
  2 ettin skeletons
  A hog (shapeshifter) (Depths:4)
  3 humans (shapeshifter)
  41 deep elf magi
  52 ugly things
  40 vampire mosquitoes
  2 steam dragons
  A wind drake skeleton (Crypt:1)
  14 neqoxecs
  48 deep elf fighters
  A harpy simulacrum (Crypt:1)
  12 hungry ghosts
  3 human zombies
  Edmund (D:7)
  3 spatial vortices (Abyss:1)
  14 hell hounds
  6 soldier ants
  A spectral spiny frog (Crypt:1)
  2 yaktaur simulacra
  2 baby alligator zombies (Crypt:2)
  A centaur simulacrum (D:15)
  9 wargs
  30 swamp worms
  10 ice beasts
  30 water moccasins
  4 mottled dragons
  14 porcupines
  2 human simulacra
  An ogre skeleton (D:13)
  8 necrophages
  A black bear (shapeshifter) (Vaults:5)
  7 black bears
  2 sky beasts
  72 orc warriors
  A snapping turtle zombie (Crypt:2)
  9 swamp drakes
  6 giant goldfish
  38 spiders
  An ettin simulacrum (Vaults:5)
  A boring beetle (Lair:8)
  A snapping turtle skeleton (Crypt:1)
  4 yellow wasps
  86 ogres
  3 human skeletons
  2 manticore skeletons
  23 centaurs
  2 phantoms
  20 crocodiles
  2 lost souls (Elf:3)
  4 brain worms
  A brain worm (shapeshifter) (Vaults:5)
  7 giant slugs
  5 big kobolds
  19 giant frogs
  A yaktaur zombie (Vaults:5)
  A komodo dragon zombie (D:15)
  A dryad skeleton (Crypt:1)
  23 insubstantial wisps
  A merfolk simulacrum (Crypt:1)
  3 yaktaur skeletons
  A cyclops zombie (D:13)
  10 scorpions
  A wyvern skeleton (D:14)
  3 cyclops skeletons
  A spectral naga (Crypt:1)
  A tengu zombie (D:15)
  A boulder beetle zombie (Vaults:5)
  A troll skeleton (D:12)
  A hippogriff skeleton (D:13)
  19 killer bees
  2 lava snakes (Orc:2)
  10 wights
  9 eyes of draining
  3 electric eels
  A pulsating lump (Slime:6)
  20 crimson imps
  11 iron imps
  7 goliath beetles
  A giant frog zombie (D:8)
  31 jellies
  8 quasits (Abyss:1)
  5 centaur zombies
  An elf zombie (Elf:2)
  41 orc priests
  4 big fish
  A wolf skeleton (Crypt:1)
  Crazy Yiuf (D:6)
  2 basilisk skeletons (Crypt:1)
  3 elf skeletons
  11 orange rats
  A porcupine zombie (Crypt:2)
  23 worker ants
  2 giant frog skeletons
  2 kobold skeletons
  39 orc wizards
  24 hounds
  Natasha (thrice) (D:4)
  7 iguanas
  10 sheep
  3 spectral orcs (D:15)
  A killer bee zombie (D:10)
  A sky beast zombie (D:10)
  2 ogre zombies
  A big kobold zombie (D:3)
  A tengu skeleton (Crypt:2)
  2 mummies
  A worker ant zombie (D:8)
  A scorpion zombie (D:10)
  3 gnolls (D:8)
  99 green rats
  26 adders
  13 shadow imps
  4 giant mites
  An inept feature mimic (D:5)
  9 white imps
  7 worms
  38 ufetubi
  An adder zombie (Crypt:1)
  An adder skeleton (D:6)
  A gnoll skeleton (D:4)
  11 giant eyeballs
  10 giant geckos
  23 oozes
  233 orcs
  2 ball pythons
  20 bats
  21 goblins
  20 hobgoblins
  23 jackals
  9 giant cockroaches
  3 giant newts
  A giant newt zombie (Crypt:1)
  A giant spore (D:12)
  A goblin zombie (Orc:4)
  A jackal skeleton (Crypt:1)
  23 kobolds
  4 kobold zombies
  A lurking horror (Abyss:1)
  An orc skeleton (Crypt:2)
  7 orc zombies
  10 quokkas
  23 rats
  A rat skeleton (D:5)
  7 ballistomycetes
  A bush (Depths:5)
  6 butterflies
  3 crawling corpses
  4 fungi
  4 plants
  15 starspawn tentacles (Abyss:1)
3939 creatures vanquished.

Vanquished Creatures (collateral kills)
  A spriggan defender (Depths:1)
1 creature vanquished.

Vanquished Creatures (others)
  the Enchantress (Depths:1)
  2 draconian scorchers
  2 fire giants
  A black draconian (Zot:1)
  A deep troll earth mage (Depths:1)
  A large abomination (Abyss:1)
  2 deep trolls (Depths:1)
  3 drowned souls (Depths:1)
  A jumping spider (Spider:2)
  A fire vortex (Depths:2)
  An ugly thing (D:14)
  2 small abominations (Abyss:1)
  A centaur (D:14)
  5 lost souls
  A komodo dragon skeleton (D:15)
  An orange rat (Elf:3)
  3 green rats (Lair:6)
  An ufetubus (Abyss:1)
  An orc (Vaults:5)
  3 giant spores
  2 lurking horrors (Abyss:1)
  A ballistomycete (D:8)
  7 bushes (D:12)
  12 fungi
  16 plants
  20 starspawn tentacles (Abyss:1)
  60 starspawn tentacle segments (Abyss:1)
152 creatures vanquished.

Grand Total: 4092 creatures vanquished

Notes
Turn   | Place    | Note
--------------------------------------------------------------
     0 | D:1      | ant87, the Minotaur Fighter, began the quest for the Orb.
     0 | D:1      | Reached XP level 1. HP: 19/19 MP: 1/1
   189 | D:1      | Reached skill level 4 in Armour
   227 | D:1      | Reached XP level 2. HP: 27/27 MP: 1/1
   733 | D:2      | Found a shadowy altar of Dithmenos.
   803 | D:2      | Reached XP level 3. HP: 25/34 MP: 2/2
  1323 | D:3      | Reached XP level 4. HP: 39/41 MP: 2/2
  1609 | D:3      | Reached skill level 5 in Fighting
  1862 | D:3      | Reached skill level 5 in Armour
  1964 | D:4      | Noticed Natasha
  1970 | D:4      | Killed Natasha
  1970 | D:4      | Reached XP level 5. HP: 28/48 MP: 2/2
  2310 | D:4      | Reached skill level 1 in Dodging
  2493 | D:4      | Noticed an ogre
  2498 | D:4      | Killed an ogre
  2498 | D:4      | Reached skill level 6 in Armour
  2498 | D:4      | Reached XP level 6. HP: 33/56 MP: 3/3
  3143 | D:4      | Noticed Natasha
  3147 | D:4      | Killed Natasha
  3148 | D:4      | Found a glowing silver altar of Zin.
  3529 | D:4      | Noticed Natasha
  3540 | D:4      | Killed Natasha
  3587 | D:5      | Entered Level 5 of the Dungeon
  3867 | D:5      | Reached skill level 7 in Armour
  3872 | D:5      | Reached XP level 7. HP: 61/61 MP: 3/3
  4263 | D:5      | Found a shimmering altar of Xom.
  4438 | D:6      | Reached skill level 8 in Armour
  4683 | D:6      | Noticed Crazy Yiuf
  4688 | D:6      | Killed Crazy Yiuf
  4716 | D:6      | Reached skill level 5 in Axes
  4716 | D:6      | Reached skill level 1 in Stealth
  4732 | D:6      | Got a warped golden amulet
  4740 | D:6      | Reached XP level 8. HP: 62/71 MP: 3/3
  5461 | D:6      | Reached skill level 9 in Armour
  5717 | D:7      | Noticed Edmund
  5740 | D:7      | Killed Edmund
  6083 | D:7      | Found a staircase to the Ecumenical Temple.
  6095 | Temple   | Entered the Ecumenical Temple
  6149 | Temple   | Became a worshipper of Warmaster Okawaru
  6746 | D:8      | Reached XP level 9. HP: 64/82 MP: 4/4
  6895 | D:8      | Noticed a hill giant
  6938 | D:8      | Killed a hill giant
  6938 | D:8      | Acquired Okawaru's first power
  6938 | D:8      | Reached skill level 10 in Armour
  8238 | D:9      | Reached skill level 11 in Armour
  8282 | D:9      | Reached XP level 10. HP: 70/93 MP: 4/4
  8286 | D:9      | Reached skill level 10 in Fighting
  8838 | D:9      | Found a shattered altar of Ashenzari.
  9159 | D:9      | Reached skill level 12 in Armour
  9578 | D:10     | Entered Level 10 of the Dungeon
  9657 | D:10     | Killed an unseen horror
  9816 | D:10     | Found a portal to a secret trove of treasure.
  9972 | D:10     | Reached skill level 5 in Dodging
 10358 | D:10     | Noticed an elephant
 10359 | D:10     | Found a staircase to the Lair.
 10371 | D:10     | Killed an elephant
 10371 | D:10     | Reached skill level 13 in Armour
 10378 | D:10     | Reached skill level 10 in Axes
 10625 | D:10     | Noticed Josephine
 10640 | D:10     | Killed Josephine
 10640 | D:10     | Acquired Okawaru's second power
 10640 | D:10     | Reached XP level 11. HP: 33/102 MP: 2/4
 11300 | D:11     | Found a glowing golden altar of the Shining One.
 11499 | D:11     | Noticed a hill giant
 11511 | D:11     | Killed a hill giant
 12037 | D:10     | Noticed a hill giant
 12269 | D:9      | Identified the amulet of the Kraken {Gourm Str+4 Int+3} (You found it on level 6 of the Dungeon)
 12288 | D:10     | Killed a hill giant
 12764 | D:11     | Found a staircase to the Orcish Mines.
 12944 | D:12     | Reached skill level 1 in Long Blades
 13120 | D:12     | Reached skill level 14 in Armour
 13420 | D:12     | Received a gift from Okawaru
 13997 | D:12     | Noticed Harold
 14011 | D:12     | Killed Harold
 14011 | D:12     | Reached skill level 1 in Invocations
 14160 | D:12     | Found a blossoming altar of Fedhas.
 14550 | D:12     | Reached XP level 12. HP: 109/113 MP: 6/6
 15098 | D:13     | Reached skill level 15 in Armour
 15151 | D:13     | Found a gate to the Vaults.
 15157 | D:13     | Received a gift from Okawaru
 15225 | D:13     | Noticed an ogre mage
 15726 | D:13     | Identified a scroll of acquirement
 15887 | D:13     | Killed an ogre mage
 16744 | D:13     | Reached XP level 13. HP: 123/123 MP: 7/7
 18131 | D:14     | Reached skill level 16 in Armour
 18152 | D:15     | Entered Level 15 of the Dungeon
 18285 | D:15     | Noticed Nergalle
 18309 | D:15     | Killed Nergalle
 19145 | D:15     | Found a shimmering altar of Xom.
 19145 | D:15     | Found a shimmering altar of Xom.
 19145 | D:15     | Found a glowing golden altar of the Shining One.
 19489 | Lair:1   | Entered Level 1 of the Lair of Beasts
 19697 | Lair:1   | Noticed Fannar
 19718 | Lair:1   | Killed Fannar
 20860 | Lair:2   | Learned a level 6 spell: Haste
 21016 | Lair:2   | Got a faintly glowing ring mail
 21033 | Lair:2   | Identified the cursed +9 ring mail of the Forgotten Eyes {+Rage Acc+3 Dam-1 SInv} (You found it on level 2 of the Lair of Beasts)
 21604 | Lair:3   | Received a gift from Okawaru
 21611 | Lair:3   | Reached skill level 15 in Fighting
 21835 | Lair:3   | Got a slimy great sword {god gift}
 21836 | Lair:3   | Identified the +13,+8 great sword "Septich" {speed, rElec SInv} (Okawaru gifted it to you on level 3 of the Lair of Beasts)
 21860 | Lair:3   | Found a hole to the Spider Nest.
 22716 | Lair:3   | Found a bloodstained altar of Trog.
 22942 | Lair:4   | Reached XP level 14. HP: 126/135 MP: 9/9
 22948 | Lair:4   | Received a gift from Okawaru
 23536 | Lair:5   | Found a staircase to the Swamp.
 24363 | Lair:6   | Found a staircase to the Slime Pits.
 25212 | Lair:7   | Found a labyrinth entrance.
 25234 | Lab      | Entered a labyrinth
 25915 | Lab      | Identified Koinn's Reference Book on Companions (You found it in a labyrinth)
 25931 | Lab      | Got a polished ring mail
 25943 | Lab      | Identified the cursed -8 ring mail of the Ego {Int-2} (You found it in a labyrinth)
 26242 | Lair:7   | Got a bronze leather armour
 26252 | Lair:7   | Identified the +2 leather armour of Beihef {rPois} (You found it on level 7 of the Lair of Beasts)
 27092 | Lair:8   | Entered Level 8 of the Lair of Beasts
 27479 | Lair:8   | Reached skill level 1 in Evocations
 27884 | Lair:8   | Reached skill level 17 in Armour
 28451 | Lair:8   | Received a gift from Okawaru
 29004 | Lair:8   | Reached skill level 10 in Dodging
 29569 | Lair:8   | Reached XP level 15. HP: 60/147 MP: 10/10
 30356 | Orc:1    | Entered Level 1 of the Orcish Mines
 30366 | Orc:1    | Received a gift from Okawaru
 30584 | Orc:1    | Noticed Eustachio
 30593 | Orc:1    | Killed Eustachio
 31388 | Orc:3    | Found a roughly hewn altar of Beogh.
 31657 | Orc:3    | Found a staircase to the Elven Halls.
 31848 | Orc:3    | Reached skill level 15 in Axes
 32447 | Orc:4    | Entered Level 4 of the Orcish Mines
 32483 | Orc:4    | Noticed Saint Roka
 32579 | Orc:4    | Killed Saint Roka
 34726 | Orc:4    | Found Ackiumom's General Store.
 34726 | Orc:4    | Found Asodwiq's Antique Armour Shoppe.
 34728 | Orc:4    | Found Naakhlaff's Jewellery Shoppe.
 34729 | Orc:4    | Found Cliatz's General Store.
 34733 | Orc:4    | Bought a book of Minor Magic for 260 gold pieces
 34735 | Orc:4    | Bought the ring of Sif Muna's Supremacy {rF+ Str+1 Dex+6 Int+1} for 1150 gold pieces
 34735 | Orc:4    | Bought an uncursed ring of poison resistance for 300 gold pieces
 34739 | Orc:4    | Bought an ichor-stained plate armour for 644 gold pieces
 34756 | Orc:4    | Identified the +12 plate armour of the Sailor {+Inv +Fly rElec rC- MR+} (You bought it in a shop on level 4 of the Orcish Mines)
 35018 | D:15     | Received a gift from Okawaru
 35179 | D:15     | Found a staircase to the Depths.
 35305 | D:15     | Reached skill level 18 in Fighting
 35369 | D:15     | Noticed a sphinx
 35379 | D:15     | Killed a sphinx
 35467 | D:15     | Received a gift from Okawaru
 35523 | D:15     | Learned a level 2 spell: Blink
 35526 | D:15     | Learned a level 2 spell: Repel Missiles
 35740 | D:15     | Noticed Snorg
 35751 | D:15     | Killed Snorg
 35822 | D:15     | Noticed a storm dragon
 35832 | D:15     | Killed a storm dragon
 35832 | D:15     | Reached XP level 16. HP: 135/157 MP: 5/12
 36146 | D:15     | Noticed a fire giant
 36159 | D:15     | Killed a fire giant
 36861 | Spider:1 | Entered Level 1 of the Spider Nest
 37684 | Spider:1 | Received a gift from Okawaru
 38138 | Spider:2 | Noticed Asterion
 38504 | Spider:2 | Killed Asterion
 39035 | Spider:3 | Reached skill level 19 in Fighting
 39430 | Spider:3 | Learned a level 1 spell: Apportation
 39672 | Spider:3 | You fall through a shaft!
 39769 | Spider:3 | Reached XP level 17. HP: 168/168 MP: 14/14
 40018 | Spider:3 | Received a gift from Okawaru
 40147 | Spider:4 | Noticed Agnes
 40155 | Spider:4 | Killed Agnes
 40217 | Spider:4 | Gained mutation: You can spit poison. [potion of beneficial mutation]
 40751 | Spider:5 | Entered Level 5 of the Spider Nest
 40980 | Spider:5 | Noticed Rupert
 40995 | Spider:5 | Killed Rupert
 42234 | Spider:5 | Reached skill level 1 in Translocations
 42414 | Spider:5 | Received a gift from Okawaru
 42437 | Spider:5 | Got a fine cloak {god gift}
 42442 | Spider:5 | Identified the +1 cloak "Cioff" {Str+2 Dex+4} (Okawaru gifted it to you on level 5 of the Spider Nest)
 42619 | Spider:5 | Reached skill level 20 in Fighting
 42798 | Spider:5 | Got a gossamer rune of Zot
 43198 | Swamp:1  | Entered Level 1 of the Swamp
 43583 | Swamp:1  | Got a pair of warped gloves
 43587 | Swamp:1  | Identified the -4 pair of gloves of the Tick {Str+1 Dam+3} (You acquired it on level 1 of the Swamp)
 43817 | Swamp:1  | Identified a +1 cloak of preservation (You found it on level 1 of the Swamp)
 44162 | Swamp:2  | Noticed Louise
 44184 | Swamp:2  | Killed Louise
 44184 | Swamp:2  | Reached XP level 18. HP: 175/180 MP: 14/16
 45701 | Swamp:3  | You fall through a shaft!
 45727 | Swamp:4  | Noticed Jorgrun
 46248 | Swamp:4  | Killed Jorgrun
 46416 | Swamp:5  | Entered Level 5 of the Swamp
 46532 | Swamp:5  | Reached skill level 21 in Fighting
 46582 | Swamp:5  | Received a gift from Okawaru
 46586 | Swamp:5  | Got a brightly glowing plate armour {god gift}
 46611 | Swamp:5  | Identified the -8 plate armour of Fun and Games {Int+2} (Okawaru gifted it to you on level 5 of the Swamp)
 47444 | Swamp:5  | Noticed the 27-headed Lernaean hydra
 48309 | Swamp:5  | Killed the 24-headed Lernaean hydra
 48399 | Swamp:5  | Got a decaying rune of Zot
 48963 | Vaults:1 | Entered Level 1 of the Vaults
 48967 | Vaults:1 | Noticed Donald
 48990 | Vaults:1 | Killed Donald
 49006 | Vaults:1 | Received a gift from Okawaru
 49072 | Vaults:1 | Reached skill level 22 in Fighting
 49100 | Vaults:1 | Reached XP level 19. HP: 185/191 MP: 18/18
 50077 | Vaults:1 | Found Clajega's Magic Scroll Emporium.
 50223 | Vaults:2 | Received a gift from Okawaru
 50426 | Vaults:2 | Noticed Wiglaf
 50440 | Vaults:2 | Killed Wiglaf
 50537 | Vaults:2 | Found a staircase to the Crypt.
 50537 | Vaults:2 | Found a basalt altar of Yredelemnul.
 50538 | Vaults:2 | Found an ancient bone altar of Kikubaaqudgha.
 50560 | Vaults:2 | Reached skill level 1 in Charms
 50766 | Vaults:2 | Reached skill level 23 in Fighting
 50911 | Vaults:2 | Reached skill level 5 in Translocations
 51352 | Vaults:2 | Received a gift from Okawaru
 51403 | Vaults:2 | Got a crude hat {god gift}
 51407 | Vaults:2 | Identified the +2 hat of Loss {rElec rC+ rN+} (Okawaru gifted it to you on level 2 of the Vaults)
 51944 | Vaults:3 | Found a staircase to the Hall of Blades.
 52293 | Vaults:3 | Reached XP level 20. HP: 206/206 MP: 19/19
 52735 | Vaults:3 | Found Serum's Jewellery Boutique.
 52998 | Vaults:3 | Reached skill level 24 in Fighting
 53209 | Vaults:3 | Found Qeugogae's Food Shoppe.
 53261 | Vaults:4 | Received a gift from Okawaru
 54111 | Vaults:4 | Found Qoaruv's Book Boutique.
 54398 | Vaults:4 | Reached skill level 25 in Fighting
 54414 | Vaults:4 | Received a gift from Okawaru
 54843 | Vaults:4 | Gained mutation: You have supernaturally acute eyesight. [potion of beneficial mutation]
 55146 | Vaults:4 | Reached XP level 21. HP: 218/218 MP: 20/20
 55753 | Orc:4    | Bought a scroll of blinking for 97 gold pieces
 56069 | Vaults:5 | Entered Level 5 of the Vaults
 56106 | Vaults:5 | Received a gift from Okawaru
 56128 | Vaults:5 | Reached skill level 26 in Fighting
 56458 | Vaults:5 | Noticed an ancient lich
 56574 | Vaults:5 | Killed an ancient lich
 56621 | Vaults:5 | Received a gift from Okawaru
 56631 | Vaults:5 | Got an ichor-stained battleaxe
 56677 | Vaults:5 | Identified the +8,+8 battleaxe "Trog's Indignation" {chop, rPois rN+ SInv} (You took it off a frost giant on level 5 of the Vaults)
 56857 | Vaults:5 | Identified Spellweaving in Simple Steps (You found it on level 5 of the Vaults)
 56909 | Vaults:5 | Noticed Vasek's ghost (great KoAs)
 56935 | Vaults:5 | Killed Vasek's ghost
 56970 | Vaults:5 | Identified the Reference Book on Mutagenic Self-Improvement
 57011 | Vaults:5 | Got a bloodstained leather armour
 57026 | Vaults:5 | Identified the +1 leather armour of the Stallion {rF+ rC++ SInv} (You found it on level 5 of the Vaults)
 57099 | Vaults:5 | Reached skill level 1 in Spellcasting
 57167 | Vaults:5 | Reached XP level 22. HP: 232/232 MP: 21/21
 57393 | Vaults:5 | Reached skill level 27 in Fighting
 57413 | Vaults:5 | Reached skill level 5 in Charms
 57472 | Vaults:5 | Got a silver rune of Zot
 57514 | Vaults:5 | Identified a +4 rod of the swarm (8/11) (You took it off a deep elf demonologist on level 5 of the Vaults)
 57590 | Vaults:5 | Received a gift from Okawaru
 57967 | Vaults:5 | Cast into the Abyss (deep elf sorcerer)
 58730 | Abyss:1  | Reached skill level 1 in Air Magic
 58976 | Vaults:5 | Escaped the Abyss
 58997 | Vaults:5 | Reached skill level 15 in Dodging
 59954 | Depths:1 | Entered Level 1 of the Depths
 60068 | Depths:1 | Noticed Aizul
 60081 | Depths:1 | Killed Aizul
 60101 | Depths:1 | Found a flickering gateway to a bazaar.
 60113 | Bazaar   | Entered a bazaar
 60118 | Bazaar   | Found Moim's Book Shoppe.
 60119 | Bazaar   | Found Myunifry's Antique Weapon Emporium.
 60122 | Bazaar   | Bought a book of Party Tricks for 600 gold pieces
 60147 | Bazaar   | Found Skavat's Magic Scroll Boutique.
 60147 | Bazaar   | Found Ulapij's Antique Armour Shop.
 60155 | Bazaar   | Bought a scroll of magic mapping for 35 gold pieces
 60155 | Bazaar   | Bought a scroll of enchant armour for 75 gold pieces
 60155 | Bazaar   | Bought a scroll of enchant weapon II for 55 gold pieces
 60155 | Bazaar   | Bought a scroll of identify for 20 gold pieces
 60155 | Bazaar   | Bought a scroll of blinking for 75 gold pieces
 60175 | Bazaar   | Found Pherphar's Gadget Emporium.
 60287 | Depths:1 | Learned a level 1 spell: Summon Butterflies
 60540 | Depths:1 | Found a one-way gate to the infinite horrors of the Abyss.
 60626 | Depths:1 | Found a gateway to Hell.
 60736 | Depths:1 | Noticed the Enchantress
 60744 | Depths:1 | Received a gift from Okawaru
 60778 | Depths:1 | Killed the Enchantress
 60786 | Depths:1 | Got a faerie dragon armour
 60806 | Depths:1 | Identified the +5 faerie dragon armour {rC+ Dam+6} (You found it on level 1 of the Depths)
 60856 | Depths:1 | Noticed Norris
 60868 | Depths:1 | Killed Norris
 61350 | Depths:2 | Paralysed by a sphinx for 3 turns
 61375 | Depths:2 | Found a gateway to a ziggurat.
 61498 | Depths:2 | Reached XP level 23. HP: 235/235 MP: 22/22
 61899 | Depths:2 | Found a one-way gate leading to the halls of Pandemonium.
 62576 | Depths:3 | Received a gift from Okawaru
 62582 | Depths:3 | Got a bronze plate armour {god gift}
 62606 | Depths:3 | Identified the +8 plate armour of Imioh {rPois rC++} (Okawaru gifted it to you on level 3 of the Depths)
 62788 | Depths:3 | Got a shimmering jade ring
 62792 | Depths:3 | Identified the ring "Throaz" {Hunger Dex-4 Int-2} (You found it on level 3 of the Depths)
 63423 | Depths:4 | Noticed Mennas
 63452 | Depths:4 | Killed Mennas
 64316 | Depths:5 | Entered Level 5 of the Depths
 64380 | Depths:5 | Received a gift from Okawaru
 64556 | Depths:5 | Found a gate to the Realm of Zot.
 65025 | Zot:1    | Entered Level 1 of the Realm of Zot
 65114 | Zot:1    | Reached XP level 24. HP: 245/245 MP: 22/22
 65331 | Zot:1    | Received a gift from Okawaru
 65334 | Zot:1    | Got a polished executioner's axe {god gift}
 65335 | Zot:1    | Identified the +10,+5 executioner's axe of Interdependent Arising {venom, rPois rF+ Int+3 Stlth++} (Okawaru gifted it to you on level 1 of the Realm of Zot)
 65360 | Zot:1    | Noticed an orb of fire
 65363 | Zot:1    | Gained mutation: Your body is slowly deteriorating. [an orb of fire]
 65374 | Zot:1    | Killed an orb of fire
 66123 | Zot:2    | Received a gift from Okawaru
 67193 | Zot:2    | Reached skill level 27 in Armour
 67667 | Zot:3    | Reached XP level 25. HP: 237/248 MP: 23/23
 68122 | Zot:4    | Received a gift from Okawaru
 68123 | Zot:4    | Got a transparent plate armour {god gift}
 68157 | Zot:4    | Identified the +12 plate armour of Servitude {Int+4} (Okawaru gifted it to you on level 4 of the Realm of Zot)
 68960 | Zot:5    | Entered Level 5 of the Realm of Zot
 69865 | Zot:5    | Noticed an ancient lich
 69877 | Zot:5    | Killed an ancient lich
 69877 | Zot:5    | Received a gift from Okawaru
 69914 | Zot:5    | Noticed an orb of fire
 69917 | Zot:5    | Noticed an orb of fire
 69919 | Zot:5    | Noticed an orb of fire
 69924 | Zot:5    | Noticed an ancient lich
 69926 | Zot:5    | Noticed an ancient lich
 69941 | Zot:5    | Killed an orb of fire
 69977 | Zot:5    | Gained mutation: Your magical capacity is low (-10% MP). [an orb of fire]
 70011 | Zot:4    | Killed an orb of fire
 70126 | Zot:5    | Killed an orb of fire
 70142 | Zot:5    | Killed an ancient lich
 70296 | Zot:5    | Reached XP level 26. HP: 244/257 MP: 19/20
 70297 | Zot:5    | Noticed an ancient lich
 70329 | Zot:5    | Killed an ancient lich
 70338 | Zot:5    | Noticed an ancient lich
 70338 | Zot:5    | Killed an ancient lich
 70357 | Zot:5    | Killed an ancient lich
 70424 | Zot:5    | Noticed an ancient lich
 70440 | Zot:5    | Killed an ancient lich
 70440 | Zot:5    | Reached skill level 27 in Axes
 70864 | Zot:5    | Noticed an ancient lich
 70868 | Zot:5    | Noticed an orb of fire
 70869 | Zot:5    | Noticed an ancient lich
 70869 | Zot:5    | Gained mutation: Armour fits poorly on your strangely shaped body. [an orb of fire]
 70869 | Zot:5    | Gained mutation: You digest meat inefficiently. [an orb of fire]
 70886 | Zot:5    | Killed an ancient lich
 70888 | Zot:5    | Gained mutation: Your magical capacity is very low (-20% MP). [an orb of fire]
 70896 | Zot:5    | Gained mutation: Your magical capacity is extremely low (-30% MP). [an orb of fire]
 70904 | Zot:5    | Gained mutation: You are dopey. (Int -2) [an orb of fire]
 70914 | Zot:5    | Killed an orb of fire
 70936 | Zot:5    | Killed an ancient lich
 71207 | Zot:5    | Noticed an orb of fire
 71210 | Zot:5    | Gained mutation: You heal slowly when monsters are visible. [an orb of fire]
 71217 | Zot:5    | Gained mutation: You do not heal naturally when monsters are visible. [an orb of fire]
 71219 | Zot:5    | Gained mutation: You are frail (-10% HP). [an orb of fire]
 71240 | Zot:5    | Killed an orb of fire
 71252 | Zot:5    | Received a gift from Okawaru
 71255 | Zot:5    | Got a topaz-encrusted leather armour {god gift}
 71341 | Zot:5    | Noticed an orb of fire
 71341 | Zot:5    | Gained mutation: You tend to lose your temper in combat. [an orb of fire]
 71350 | Zot:5    | Gained mutation: You are weak. (Str -2) [an orb of fire]
 71364 | Zot:5    | Killed an orb of fire
 71369 | Zot:5    | Noticed an orb of fire
 71370 | Zot:5    | Gained mutation: You are very frail (-20% HP). [an orb of fire]
 71371 | Zot:5    | Gained mutation: You have a fast metabolism. [an orb of fire]
 71378 | Zot:5    | Gained mutation: You are very dopey. (Int -4) [an orb of fire]
 71387 | Zot:5    | Noticed an orb of fire
 71390 | Zot:5    | Killed an orb of fire
 71402 | Zot:5    | Killed an orb of fire
 72895 | Elf:1    | Entered Level 1 of the Elven Halls
 72915 | Elf:1    | Found a radiant altar of Vehumet.
 73331 | Elf:1    | Reached XP level 27. HP: 199/209 MP: 16/16
 73472 | Elf:1    | Found a glowing golden altar of the Shining One.
 73881 | Elf:2    | Identified the +2 leather armour of the Many Suns {rC+} (Okawaru gifted it to you on level 5 of the Realm of Zot)
 73973 | Elf:2    | Noticed Azrael
 73983 | Elf:2    | Killed Azrael
 74476 | Elf:3    | Entered Level 3 of the Elven Halls
 74840 | Elf:3    | Found a radiant altar of Vehumet.
 76841 | Elf:3    | Cast into the Abyss (deep elf sorcerer)
 76987 | Abyss:1  | Gained mutation: Your body is deteriorating. [a neqoxec]
 77419 | Abyss:1  | Gained mutation: Space occasionally distorts in your vicinity. [a neqoxec]
 77452 | Abyss:1  | Gained mutation: You often lose your temper in combat. [a neqoxec]
 77770 | Abyss:1  | Gained mutation: You have a very fast metabolism. [a neqoxec]
 78227 | Abyss:1  | Gained mutation: You are very weak. (Str -4) [a cacodemon]
 78863 | Abyss:1  | Received a gift from Okawaru
 79085 | Abyss:1  | Found a corrupted altar of Lugonu.
 79098 | Abyss:1  | Found a corrupted altar of Lugonu.
 79573 | Abyss:1  | Found a corrupted altar of Lugonu.
 80884 | Abyss:1  | Got a faintly glowing turquoise ring
 81253 | Abyss:1  | Found a basalt altar of Yredelemnul.
 81262 | Abyss:1  | Gained mutation: Your body is rapidly deteriorating. [a neqoxec]
 81441 | Abyss:1  | Found a sparkling altar of Nemelex Xobeh.
 81459 | Abyss:1  | Found a corrupted altar of Lugonu.
 81646 | Elf:3    | Escaped the Abyss
 81712 | Elf:3    | Identified the ring "Kuxaker" {Fire Int-1 Acc-1 Dam+3} (You found it on level 1 of the Abyss)
 81719 | Elf:3    | Got a heavily runed marble ring
 81725 | Elf:3    | Identified Vuseraq's Guide on Companions
 81788 | Elf:3    | Got a vibrating silver ring
 81864 | Elf:3    | Identified the ring "Pryankal" {rN+ Int-2} (You took it off a deep elf demonologist on level 3 of the Elven Halls)
 81864 | Elf:3    | Identified the ring "Jarghilla" {Fire Int+2 Acc+5} (You took it off a deep elf demonologist on level 3 of the Elven Halls)
 81891 | Elf:3    | Received a gift from Okawaru
 81937 | Elf:3    | Got an ancient leather armour
 81998 | Elf:3    | Identified Luqer's Catalogue of Darkness (You found it on level 3 of the Elven Halls)
 82016 | Elf:3    | Identified Kaduadgh's Volume of Combat Magic
 82037 | Elf:3    | Identified the +1 leather armour of the Wheelwright {rPois} (You took it off a deep elf demonologist on level 3 of the Elven Halls)
 83454 | Slime:1  | Entered Level 1 of the Pits of Slime
 83607 | Slime:1  | Lost intelligence.
 84007 | Slime:2  | Gained mutation: You are extremely frail (-30% HP). [a shining eye]
 84403 | Slime:3  | You fall through a shaft for 2 floors!
 84407 | Slime:5  | Paralysed by a giant eyeball for 2 turns
 84413 | Slime:5  | Paralysed by a giant eyeball for 3 turns
 84439 | Slime:4  | Paralysed by a giant eyeball for 4 turns
 84445 | Slime:4  | Paralysed by a giant eyeball for 4 turns
 84788 | Slime:5  | Paralysed by a giant eyeball for 4 turns
 85150 | Slime:4  | Paralysed by a giant eyeball for 2 turns
 85404 | Slime:6  | Entered Level 6 of the Pits of Slime
 85440 | Slime:6  | Reached skill level 27 in Dodging
 85809 | Slime:6  | Paralysed by a giant eyeball for 2 turns
 85865 | Slime:6  | Noticed the royal jelly
 85882 | Slime:6  | Killed the royal jelly
 85882 | Slime:6  | Received a gift from Okawaru
 85882 | Slime:6  | Reached skill level 10 in Translocations
 85934 | Slime:6  | Paralysed by a giant eyeball for 4 turns
 86012 | Slime:6  | Got a transparent steel ring
 86288 | Slime:6  | Identified the ring "Ygonout" {SustAb Str+2} (You found it on level 6 of the Pits of Slime)
 86332 | Slime:6  | Got a slimy rune of Zot
 86415 | Slime:6  | Identified the Tome of Evil Rites (You found it on level 6 of the Pits of Slime)
 86457 | Slime:6  | Got a brightly glowing zirconium amulet
 86848 | D:11     | Fell from the grace of Okawaru
 86848 | D:11     | Became a worshipper of the Shining One
 87063 | Crypt:1  | Entered Level 1 of the Crypt
 87164 | Crypt:1  | Identified the amulet "Khurrum" {rCorr Str+5} (You found it on level 6 of the Pits of Slime)
 87528 | Crypt:1  | Acquired the Shining One's first power
 88151 | Crypt:1  | Acquired the Shining One's second power
 88792 | Crypt:1  | Was placed under penance by the Shining One
 88895 | Crypt:1  | Noticed an ancient lich
 88908 | Crypt:1  | Killed an ancient lich
 90706 | Crypt:2  | Was forgiven by the Shining One
 90733 | Crypt:2  | HP: 12/253 [cloud of foul pestilence (8)]
 90733 | Crypt:2  | Killed from afar by a mummy priest

Action                   |  1- 3 |  4- 6 |  7- 9 | 10-12 | 13-15 | 16-18 | 19-21 | 22-24 | 25-27 || total
-------------------------+-------+-------+-------+-------+-------+-------+-------+-------+-------++-------
Melee: War axe           |    75 |   125 |   345 |    92 |       |       |       |       |       ||   637
       Battleaxe         |       |       |       |   482 |   958 |  1503 |  1343 |  1596 |  2901 ||  8783
       Great sword       |       |       |       |   133 |   876 |     4 |       |       |       ||  1013
 Cast: Repel Missiles    |       |       |       |       |       |       |     3 |       |       ||     3
Invok: Heroism           |       |       |       |     4 |    10 |     6 |     2 |     6 |    16 ||    44
       Finesse           |       |       |       |       |     4 |     3 |     1 |     2 |     9 ||    19
 Abil: Spit Poison       |       |       |       |       |       |    30 |     3 |       |       ||    33
Evoke: Wand              |       |       |     6 |       |    13 |     3 |       |     1 |     7 ||    30
  Use: Scroll            |     7 |     3 |    14 |    14 |    20 |    15 |     3 |    14 |    27 ||   117
       Potion            |       |       |     2 |       |     2 |     4 |     4 |     8 |    16 ||    36
 Stab: Fleeing           |       |       |       |       |     1 |       |       |       |       ||     1
       Sleeping          |       |       |       |       |     1 |       |       |       |       ||     1
       Held in net/web   |       |       |       |       |       |     3 |       |       |       ||     3
       Distracted        |       |       |       |       |       |     1 |       |       |       ||     1
       Confused          |       |       |       |       |       |     3 |       |     2 |       ||     5
       Paralysed         |       |       |       |       |       |       |       |     1 |       ||     1
